 Dungeon Crawl Stone Soup version 0.17.2-1-ge4368a0 (webtiles) character file.

58 Esperanza the Insei (level 3, -3/29 HPs)
             Began as a Mummy Monk on Apr 26, 2017.
             Killed from afar by Sigmund (8 damage)
             ... with a magic dart
             ... on level 2 of the Dungeon.
             The game lasted 00:01:48 (2012 turns).

Esperanza the Insei (Mummy Monk)                    Turns: 2012, Time: 00:01:48

Health: -3/29      AC:  0    Str: 14    XL:     3   Next: 76%
Magic:  3/3        EV: 13    Int:  9    God:
Gold:   72         SH:  0    Dex: 15    Spells: 0 memorised, 2 levels left

rFire  x . .     SeeInvis .       - Unarmed
rCold  + . .     Clarity  .     (no armour)
rNeg   + + +     SustAt   .     (no shield)
rPois  ∞         Gourm    .     (no helmet)
rElec  .         Spirit   .     (no cloak)
rCorr  .         Warding  .     (no gloves)
rMut   .         Stasis   .     (no boots)
MR     .....                    (no amulet)
Stlth  ++........               (no ring)
                                (no ring)

@: not resistant to hostile enchantments, unstealthy
A: no food or potions, fire vulnerability, cold resistance 1, negative energy
resistance 3, torment resistance, unbreathing
a: no special abilities


You were on level 2 of the Dungeon.
You were not hungry.

You visited 1 branch of the dungeon, and saw 2 of its levels.

You collected 72 gold pieces.


Innate Abilities, Weirdness & Mutations

You do not eat or drink.
Your flesh is vulnerable to fire.
You are immune to poison.
Your flesh is cold resistant.
You are immune to negative energy.
You are immune to unholy pain and torment.
You can survive without breathing.


   Skills:
 - Level 3.0 Fighting
 - Level 2.4 Dodging
 - Level 1.5 Stealth
 + Level 4.5 Unarmed Combat


You had 2 spell levels left.
You didn't know any spells.

Inventory:

Jewellery
 d - an uncursed amulet of stasis {unknown}
Scrolls
 a - a scroll of amnesia {unknown}
 b - 2 scrolls of teleportation {unknown}
 c - 2 scrolls of identify {unknown}
 e - a scroll of recharging {unknown}

Dungeon Overview and Level Annotations

Branches:
Dungeon (2/15)

Altars:
Nemelex Xobeh

Annotations:
D:2 Sigmund

▒▒▒▒ ▒............ ▒▒..▒▒
▒............ ▒▒▒ ▒....▒
▒..........%. ▒..▒ ▒..£.▒
▒............
....▒▒....▒▒▒▒▒▒............
.....▒.....▒▒...▒...........
......†..........▒.....▒....
..................▒...▒▒▒▒▒.
....▒.@....M....†...▒▒▒ ▒.
▒.. ▒.▒..▒▒........▒▒ ▒▒ ▒
▒..▒▒▒▒▒.....▒▒▒ ▒▒▒
▒▒..▒........▒▒ ▒▒.▒
▒▒...........▒▒ ▒...
..▒▒..../....▒▒▒ ▒.<. .
▒▒..........▒▒▒▒...
▒▒.....▒▒▒....▒▒.▒ ▒....▒▒
▒▒▒▒....▒


You could see Sigmund.


Message History

Marking area around Sigmund as unsafe for travelling!
Sigmund the Dreaded comes into view!
He is wielding a scythe!
The helpless quokka fails to defend itself!
You pulverise the quokka but do no damage!
The quokka bites you!
You take 1 damage, and have 28/29 hp!
You pulverise the quokka!
The quokka is moderately wounded!
The quokka bites you!
You take 5 damage, and have 23/29 hp!
You squash the quokka like an ant!
You annihilate the quokka!!!
Sigmund casts a spell at you!
You are confused!
Sigmund casts a spell at you! The magic dart hits you!!!
You take 8 damage, and have 15/29 hp!
MASSIVE DAMAGE!!!!!!
Sigmund casts a spell at you! You resist with some effort!
You feel less confused!
Sigmund screams, "Don't try to resist!!!"
Sigmund gestures at you while chanting! The puff of flame hits you!!!
The fire burns you terribly!!! * * * don't die
* * * You take 10 damage, and have 5/29 hp!
MASSIVE DAMAGE!!!!!!
Sigmund points at you and mumbles some strange words!
You resist with some effort!
Sigmund points at you and mumbles some strange words!
The magic dart hits you!!! rip

Action                   || total
-------------------------++-------
Melee: Unarmed           ||   136
 Stab: Sleeping          ||     3
       Distracted        ||     2

Vault maps used:
D:1:      minmay_arrival_diagonal_passages, nemelex_deck
D:2:      uniq_sigmund

Notes
Turn   | Place    | Note
--------------------------------------------------------------
     0 | D:1      | Esperanza the Mummy Monk began the quest for the Orb.
     0 | D:1      | Reached XP level 1. HP: 18/18 MP: 1/1
   681 | D:2      | Reached XP level 2. HP: 9/24 MP: 2/2
   919 | D:2      | Reached skill level 4 in Unarmed Combat
  1169 | D:2      | Reached XP level 3. HP: 26/29 MP: 3/3
  1532 | D:1      | Found a sparkling altar of Nemelex Xobeh.
  2000 | D:2      | Noticed Sigmund
  2012 | D:2      | Killed from afar by Sigmund

Vanquished Creatures
  2 adders (D:2)
  A worm (D:2)
  3 bats
  6 giant cockroaches (D:1)
  3 goblins (D:1)
  A hobgoblin (D:1)
  6 jackals
  4 kobolds
  2 quokkas (D:2)
  2 giant newts
  4 rats
34 creatures vanquished.
